 Dungeon Crawl Stone Soup version 0.19-a0-1731-g1e0734d (webtiles) character file.

73 Naow the Chopper (level 4, -5/60 HPs)
             Began as a Minotaur Berserker on Sept 30, 2016.
             Was a Believer of Trog.
             Slain by a gnoll
             ... wielding a +0 halberd
              (6 damage)
             ... on level 2 of the Dungeon.
             The game lasted 00:01:15 (791 turns).

Naow the Chopper (Minotaur Berserker)                Turns: 791, Time: 00:01:15

Health: -5/60      AC:  2    Str: 28    XL:     4   Next: 8%
Magic:  3/3        EV: 12    Int:  4    God:    Trog [**....]
Gold:   78         SH:  0    Dex:  9    Spells: 0 memorised, 3 levels left

rFire  . . .     SeeInvis .     a - +0 hand axe
rCold  . . .     Gourm    .     b - +0 animal skin
rNeg   . . .     Faith    .     (no shield)
rPois  .         Spirit   .     (helmet restricted)
rElec  .         Dismiss  .     (no cloak)
rCorr  .         Reflect  .     (no gloves)
MR     .....     Harm     .     (no boots)
Stlth  ..........               (no amulet)
                                (no ring)
                                (no ring)

@: berserking, very quick
A: retaliatory headbutt, horns 2
a: Berserk, Trog's Hand, Burn Spellbooks, Renounce Religion


You were on level 2 of the Dungeon.
You worshipped Trog.
Trog was pleased with you.
You were not hungry.

You visited 1 branch of the dungeon, and saw 2 of its levels.

You collected 78 gold pieces.

Inventory:

Hand Weapons
 a - a +0 hand axe (weapon)
Armour
 b - a +0 animal skin (worn)
Scrolls
 d - 2 scrolls of amnesia {unknown}
 e - a scroll of teleportation {unknown}
 k - 2 scrolls of enchant weapon {unknown}
 l - 2 scrolls of remove curse {unknown}
 m - 2 scrolls of identify {unknown}
Potions
 j - a potion of ambrosia {unknown}
 n - a potion of heal wounds {unknown}
Comestibles
 c - a bread ration
 f - 6 chunks of flesh
 g - a beef jerky
 h - 3 fruits
 i - a slice of pizza


   Skills:
 - Level 3.9 Fighting
 + Level 5.8 Axes
 - Level 2.5 Armour
 - Level 2.1 Dodging


You had 3 spell levels left.
You didn't know any spells.

Dungeon Overview and Level Annotations

Branches:
Dungeon (2/15)

Altars:


Innate Abilities, Weirdness & Mutations

You reflexively headbutt those who attack you in melee.
You have a pair of horns on your head.


Message History

You feel yourself moving faster!
You feel mighty!
You feel somewhat more hungry. The adder bites you but does no damage.
The gnoll hits you with a flail!
* * * LOW HITPOINT WARNING * * *
The gnoll closely misses you. The adder barely misses you.
You furiously retaliate!
You headbutt the adder. You barely miss the gnoll.
Your headbutt misses the gnoll.
The gnoll is lightly wounded.
You slash the adder!
You kill the adder!
Trog accepts your kill.
You have reached level 4!
You feel stronger. The gnoll barely misses you.
A hobgoblin comes into view. It is wielding a club.
The hobgoblin shouts!
You hit the gnoll.
The gnoll is moderately wounded.
The gnoll hits you from afar with a halberd.
You die...

..... #.# .. ........
#.#.##.# .. .........
#......# .# #.###.#..
#......### ..# #.###.
#.#......# ..# ##.#..
#....##.#.# ...# #...
#..#.##.#.####...###
##...
.....................
#....
.#......#...?@†......
#...
#.##.........g......
#...
###########g..###
#... ....!. #...
..... ##.# .....
#.##.# .... #.....
.#.g #.##.# .. #.#


You could see 2 gnolls and a hobgoblin.

Vanquished Creatures
  A gnoll (D:1)
  2 adders (D:2)
  2 oozes
  A worm (D:2)
  A dart slug (D:1)
  A leopard gecko (D:1)
  A ball python (D:2)
  A bat (D:1)
  4 goblins
  3 hobgoblins (D:1)
  5 kobolds
  A quokka (D:2)
  3 frilled lizards
  5 rats (D:1)
31 creatures vanquished.

Notes
Turn   | Place    | Note
-------+----------+-------------------------------------------
     0 | D:1      | Naow the Minotaur Berserker began the quest for the Orb.
     0 | D:1      | Reached XP level 1. HP: 19/19 MP: 0/0
    59 | D:1      | Reached skill level 4 in Axes
    59 | D:1      | Reached XP level 2. HP: 27/27 MP: 1/1
   152 | D:1      | Reached XP level 3. HP: 14/33 MP: 2/2
   350 | D:1      | Reached skill level 5 in Axes
   429 | D:1      | Reached ** piety under Trog
   789 | D:2      | HP: 1/49 [gnoll/flail (9)]
   790 | D:2      | Reached XP level 4. HP: 1/40 MP: 3/3
   791 | D:2      | Slain by a gnoll

Vault maps used:
D:1:      minmay_arrival_checkered_box
D:2:      first_bread, uniq_natasha

Skill      XL: |  1  2  3 |
---------------+----------+-----
Axes           | 4 5 |  5.8
Fighting       | |  3.9
Armour         | |  2.5
Dodging        | |  2.1

Action                   |  1- 3 |  4- 6 || total
-------------------------+-------+-------++-------
Melee: Hand axe          |    60 |     1 ||    61
       Headbutt          |    12 |       ||    12
Invok: Berserk           |     1 |       ||     1
Armor: Animal skin       |     5 |       ||     5
Dodge: Dodged            |    41 |     1 ||    42
